Workbook

Sheet Instrucciones de Uso
C4: Instrucciones de uso
C5: ¿Qué datos completar?
C6: En hoja "Gestión del Valor Ganado" completar:
C7: 1.- A partir de la celda B14 las fases (pueden ser número de fases o descripción).
C8: 2.- En cada fase en las celdas D14 a O31 se debe establecer el presupuesto del período (por defecto de enero a diciembre pero
C9: pueden ser semanas) .
C11: En la hoja "Valor Ganado" completar:
C12: 3.- Las celdas D9 a O26 es el valor del trabajo completado pero expresado en términos del presupuesto
C13: asignado a dicho trabajo (porcentualmente). Por ejemplo completé 200 y eso representa 5% del presupuesto
C14: alocado a esa etapa en ese período.
C16: En la hoja "Costo Real" completar:
C17: 4.- Las celdas C8 a N24 costo que llevamos a un momento dado para realizar el trabajo efectuado.
... C41: Se obtiene un gráfico de líneas de los indicadores

Sheet Gestión del Valor Ganado
B4: Gestión del valor ganado
B6: Variación del Costo (CV = EV - AC) | D6: =D37-D36 -> 0 | E6: =E37-E36 -> 0 | F6: =F37-F36 -> 0 | G6: =G37-G36 -> 0 | H6: =H37-H36 -> 2000 | I6: =I37-I36 -> 42000 | J6: =J37-J36 -> 82000 | K6: =K37-K36 -> 122000 | ... O6: =O37-O36 -> 282000
B7: Variación del cronograma (SV = EV - PV) | D7: =D37-D35 -> -13000 | E7: =E37-E35 -> -18000 | F7: =F37-F35 -> -23000 | G7: =G37-G35 -> -31000 | H7: =H37-H35 -> -30000 | I7: =I37-I35 -> -8000 | J7: =J37-J35 -> 15000 | K7: =K37-K35 -> 45000 | ... O7: =O37-O35 -> 140000
B8: Índice de desempeño del costo (CPI = EV/AC) | D8: =IFERROR(D37/D36,"") -> 1 | E8: =IFERROR(E37/E36,"") -> 1 | F8: =IFERROR(F37/F36,"") -> 1 | G8: =IFERROR(G37/G36,"") -> 1 | H8: =IFERROR(H37/H36,"") -> 1.0344828 | I8: =IFERROR(I37/I36,"") -> 1.7241379 | J8: =IFERROR(J37/J36,"") -> 2.4137931 | K8: =IFERROR(K37/K36,"") -> 3.1034483 | ... O8: =IFERROR(O37/O36,"") -> 5.862069
B9: Índice del desempeño del cronograma (SPI = EV/PV) | D9: =IFERROR(D37/D35,"") -> 0.43478261 | E9: =IFERROR(E37/E35,"") -> 0.52631579 | F9: =IFERROR(F37/F35,"") -> 0.56603774 | G9: =IFERROR(G37/G35,"") -> 0.56338028 | H9: =IFERROR(H37/H35,"") -> 0.66666667 | I9: =IFERROR(I37/I35,"") -> 0.92592593 | J9: =IFERROR(J37/J35,"") -> 1.12 | K9: =IFERROR(K37/K35,"") -> 1.3333333 | ... O9: =IFERROR(O37/O35,"") -> 1.7
B10: Costo Estimado de completitud (EAC) | D10: =IFERROR($C$33/D8,"") -> 200000 | E10: =IFERROR($C$33/E8,"") -> 200000 | F10: =IFERROR($C$33/F8,"") -> 200000 | G10: =IFERROR($C$33/G8,"") -> 200000 | H10: =IFERROR($C$33/H8,"") -> 193333.33 | I10: =IFERROR($C$33/I8,"") -> 116000 | J10: =IFERROR($C$33/J8,"") -> 82857.143 | K10: =IFERROR($C$33/K8,"") -> 64444.444 | ... O10: =IFERROR($C$33/O8,"") -> 34117.647
D12: Período
B13: Etapa o Fase | C13: Presupuesto (BAC) | D13: Enero | E13: Febrero | F13: Marzo | G13: Abril | H13: Mayo | I13: Junio | J13: Julio | K13: Agosto | L13: Septiembre | M13: Octubre | N13: Noviembre | O13: Diciembre
B14: Etapa 1 | C14: =SUM(D14:O14) -> 200000 | D14: 23000 | E14: 15000 | F14: 15000 | G14: 18000 | H14: 19000 | I14: 18000 | J14: 17000 | K14: 10000 | L14: 15000 | M14: 18000 | N14: 20000 | O14: 12000
B15: Etapa 2 | C15: =SUM(D15:O15) -> 0
B16: Etapa 3 | C16: =SUM(D16:O16) -> 0
B17: Etapa 4 | C17: =SUM(D17:O17) -> 0
B18: Etapa 5 | C18: =SUM(D18:O18) -> 0
B19: Etapa 6 | C19: =SUM(D19:O19) -> 0
C20: =SUM(D20:O20) -> 0
C21: =SUM(D21:O21) -> 0
C22: =SUM(D22:O22) -> 0
C23: =SUM(D23:O23) -> 0
C24: =SUM(D24:O24) -> 0
C25: =SUM(D25:O25) -> 0
C26: =SUM(D26:O26) -> 0
C27: =SUM(D27:O27) -> 0
C28: =SUM(D28:O28) -> 0
C29: =SUM(D29:O29) -> 0
C30: =SUM(D30:O30) -> 0
C31: =SUM(D31:O31) -> 0
B33: Total | C33: =SUM(C14:C31) -> 200000 | D33: =SUM(D14:D31) -> 23000 | E33: =SUM(E14:E31) -> 15000 | F33: =SUM(F14:F31) -> 15000 | G33: =SUM(G14:G31) -> 18000 | H33: =SUM(H14:H31) -> 19000 | I33: =SUM(I14:I31) -> 18000 | J33: =SUM(J14:J31) -> 17000 | ... O33: =SUM(O14:O31) -> 12000
B35: Valor Planeado Acumulado (PV) | D35: =SUM($D$33:D33) -> 23000 | E35: =SUM($D$33:E33) -> 38000 | F35: =SUM($D$33:F33) -> 53000 | G35: =SUM($D$33:G33) -> 71000 | H35: =SUM($D$33:H33) -> 90000 | I35: =SUM($D$33:I33) -> 108000 | J35: =SUM($D$33:J33) -> 125000 | K35: =SUM($D$33:K33) -> 135000 | ... O35: =SUM($D$33:O33) -> 200000
B36: Costo Real Acumulado (AC) | D36: ='Costo Real'!C29 -> 10000 | E36: ='Costo Real'!D29 -> 20000 | F36: ='Costo Real'!E29 -> 30000 | G36: ='Costo Real'!F29 -> 40000 | H36: ='Costo Real'!G29 -> 58000 | I36: ='Costo Real'!H29 -> 58000 | J36: ='Costo Real'!I29 -> 58000 | K36: ='Costo Real'!J29 -> 58000 | ... O36: ='Costo Real'!N29 -> 58000
B37: Valor Ganado Acumulado (EV) | D37: ='Valor Ganado'!D30 -> 10000 | E37: ='Valor Ganado'!E30 -> 20000 | F37: ='Valor Ganado'!F30 -> 30000 | G37: ='Valor Ganado'!G30 -> 40000 | H37: ='Valor Ganado'!H30 -> 60000 | I37: ='Valor Ganado'!I30 -> 100000 | J37: ='Valor Ganado'!J30 -> 140000 | K37: ='Valor Ganado'!K30 -> 180000 | ... O37: ='Valor Ganado'!O30 -> 340000

Sheet Valor Ganado
B4: Gestión del valor ganado
D6: Período
B8: Etapa | C8: ='Gestión del Valor Ganado'!C13 -> Presupuesto (BAC) | D8: ='Gestión del Valor Ganado'!D13 -> Enero | E8: ='Gestión del Valor Ganado'!E13 -> Febrero | F8: ='Gestión del Valor Ganado'!F13 -> Marzo | G8: ='Gestión del Valor Ganado'!G13 -> Abril | H8: ='Gestión del Valor Ganado'!H13 -> Mayo | I8: ='Gestión del Valor Ganado'!I13 -> Junio | J8: ='Gestión del Valor Ganado'!J13 -> Julio | ... O8: ='Gestión del Valor Ganado'!O13 -> Diciembre
B9: Etapa 1 | C9: ='Gestión del Valor Ganado'!C14 -> 200000 | D9: 0.05 | E9: 0.05 | F9: 0.05 | G9: 0.05 | H9: 0.1 | I9: 0.2 | J9: 0.2 | K9: 0.2 | L9: 0.2 | M9: 0.2 | N9: 0.2 | O9: 0.2
B10: Etapa 2 | C10: ='Gestión del Valor Ganado'!C15 -> 0
B11: Etapa 3 | C11: ='Gestión del Valor Ganado'!C16 -> 0
B12: Etapa 4 | C12: ='Gestión del Valor Ganado'!C17 -> 0
B13: Etapa 5 | C13: ='Gestión del Valor Ganado'!C18 -> 0
B14: Etapa 6 | C14: ='Gestión del Valor Ganado'!C19 -> 0
C15: ='Gestión del Valor Ganado'!C20 -> 0
C16: ='Gestión del Valor Ganado'!C21 -> 0
C17: ='Gestión del Valor Ganado'!C22 -> 0
C18: ='Gestión del Valor Ganado'!C23 -> 0
C19: ='Gestión del Valor Ganado'!C24 -> 0
C20: ='Gestión del Valor Ganado'!C25 -> 0
C21: ='Gestión del Valor Ganado'!C26 -> 0
C22: ='Gestión del Valor Ganado'!C27 -> 0
C23: ='Gestión del Valor Ganado'!C28 -> 0
C24: ='Gestión del Valor Ganado'!C29 -> 0
C25: ='Gestión del Valor Ganado'!C30 -> 0
C26: ='Gestión del Valor Ganado'!C31 -> 0
C28: Valor ganado | D28: =SUMPRODUCT($C$9:$C$26,D9:D26) -> 10000 | E28: =SUMPRODUCT($C$9:$C$26,E9:E26) -> 10000 | F28: =SUMPRODUCT($C$9:$C$26,F9:F26) -> 10000 | G28: =SUMPRODUCT($C$9:$C$26,G9:G26) -> 10000 | H28: =SUMPRODUCT($C$9:$C$26,H9:H26) -> 20000 | I28: =SUMPRODUCT($C$9:$C$26,I9:I26) -> 40000 | J28: =SUMPRODUCT($C$9:$C$26,J9:J26) -> 40000 | K28: =SUMPRODUCT($C$9:$C$26,K9:K26) -> 40000 | ... O28: =SUMPRODUCT($C$9:$C$26,O9:O26) -> 40000
C30: Valor ganado acumulado (EV acumulado) | D30: =D28 -> 10000 | E30: =D30+E28 -> 20000 | F30: =E30+F28 -> 30000 | G30: =F30+G28 -> 40000 | H30: =G30+H28 -> 60000 | I30: =H30+I28 -> 100000 | J30: =I30+J28 -> 140000 | K30: =J30+K28 -> 180000 | L30: =K30+L28 -> 220000 | ... O30: =N30+O28 -> 340000

Sheet Costo Real
B3: Gestión del valor ganado
C5: Período
C6: Período
B7: Etapa | C7: Enero | D7: Febrero | E7: Marzo | F7: Abril | G7: Mayo | H7: Junio | I7: Julio | J7: Agosto | K7: Septiembre | L7: Octubre | M7: Noviembre | N7: Diciembre
B8: Etapa 1 | C8: 10000 | D8: 10000 | E8: 10000 | F8: 10000 | G8: 18000
B9: Etapa 2
B10: Etapa 3
B11: Etapa 4
B12: Etapa 5
B13: Etapa 6
B27: Costo Real (AC) | C27: =SUM(C8:C25) -> 10000 | D27: =SUM(D8:D25) -> 10000 | E27: =SUM(E8:E25) -> 10000 | F27: =SUM(F8:F25) -> 10000 | G27: =SUM(G8:G25) -> 18000 | H27: =SUM(H8:H25) -> 0 | I27: =SUM(I8:I25) -> 0 | J27: =SUM(J8:J25) -> 0 | ... N27: =SUM(N8:N25) -> 0
B29: Costo Real Acumulado (AC acumulado) | C29: =SUM($C$27:C27) -> 10000 | D29: =SUM($C$27:D27) -> 20000 | E29: =SUM($C$27:E27) -> 30000 | F29: =SUM($C$27:F27) -> 40000 | G29: =SUM($C$27:G27) -> 58000 | H29: =SUM($C$27:H27) -> 58000 | I29: =SUM($C$27:I27) -> 58000 | J29: =SUM($C$27:J27) -> 58000 | ... N29: =SUM($C$27:N27) -> 58000
